 Dungeon Crawl Stone Soup version 0.20.1-1-g8b1a95d (webtiles) character file.

99 tmwrnj the Shield-Bearer (level 4, 0/40 HPs)
             Began as a Hill Orc Fighter on Oct 14, 2017.
             Succumbed to a scorpion's poison
             ... on level 4 of the Dungeon.
             The game lasted 00:04:08 (1671 turns).

tmwrnj the Shield-Bearer (Hill Orc Fighter)         Turns: 1671, Time: 00:04:08

Health: 0/40       AC:  8    Str: 18    XL:     4   Next: 72%
Magic:  4/4        EV:  7    Int:  8    God:
Gold:   130        SH:  9    Dex: 11    Spells: 3/3 levels left

rFire    . . .     SeeInvis .   a - +0 war axe
rCold    . . .     Gourm    .   c - +0 shield
rNeg     . . .     Faith    .   b - +0 scale mail
rPois    .         Spirit   .   (no helmet)
rElec    .         Reflect  .   (no cloak)
rCorr    .         Harm     .   g - +0 pair of gloves
MR       .....                  (no boots)
Stlth    ..........             (no amulet)
Regen    0.2/turn               (no ring)
MPRegen  0.1/turn               (no ring)

@: lethally poisoned (0 -> -7), flying
A: no striking features
a: no special abilities


You were on level 4 of the Dungeon.
You were not hungry.

You visited 1 branch of the dungeon, and saw 4 of its levels.

You collected 130 gold pieces.

Inventory:

Hand Weapons
 a - a +0 war axe (weapon)
Armour
 b - a +0 scale mail (worn)
 c - a +0 shield (worn)
 g - a +0 pair of gloves (worn)
 k - a +1 pair of gloves of strength
 m - a +0 large shield
 o - the +2 pair of gloves of Death Resistance {Str+3 SInv, unknown}
   (You found it on level 4 of the Dungeon)

   It affects your strength (+3).
   It lets you see invisible.
 p - a +0 plate armour
Scrolls
 h - a scroll of magic mapping
 i - a scroll of teleportation {unknown}
 j - a scroll of fear {unknown}
 l - a scroll of remove curse {unknown}
 n - a scroll of identify
Potions
 d - a potion of might
Books
 r - a book of Minor Magic

   Spells                             Type                      Level
   a - Magic Dart                     Conjuration                  1
   b - Blink                          Translocation                2
   c - Call Imp                       Summoning                    2
   d - Slow                           Hexes                        2
   e - Conjure Flame                  Conjuration/Fire             3
   f - Mephitic Cloud                 Conjuration/Poison/Air       3
Comestibles
 f - 4 bread rations
 s - a royal jelly


   Skills:
 + Level 4.0 Fighting
 + Level 4.1 Axes
 + Level 3.8 Armour
 + Level 0.7 Dodging
 + Level 4.1 Shields


You had 3 spell levels left.
You didn't know any spells.

Dungeon Overview and Level Annotations

Branches:
Dungeon (4/15)
 Temple: D:4-7

Altars:


Message History

An orc comes into view. It is wielding a dagger.
The orc shouts!
You see here a helmet.
You feel sick.
The orc throws a tomahawk.
You block the tomahawk. The scorpion stings you.
* * * LOW HITPOINT WARNING * * *
You are lethally poisoned!
The scorpion poisons you!
You see here a tomahawk.
* * * LOW HITPOINT WARNING * * *
You feel sick.
* * * LOW HITPOINT WARNING * * *
You feel sick.
You see here 15 stones.
* * * LOW HITPOINT WARNING * * *
You feel sick.
Unknown command.
* * * LOW HITPOINT WARNING * * *
You feel sick.
You die...

#.# #.# #.# #.#
.###.# ..##.#
#.##.# #o##.#
#.##@# #.##.#
#.##s# #[##(#
##.(#.#####
#.........#
#.#...###.# #..
#.#...#.#.# #..
#.#...#...#####


You could see a scorpion.

Vanquished Creatures
  A worker ant (D:4)
  An adder (D:3)
  An ooze (D:1)
  2 worms
  2 dart slugs (D:2)
  4 orcs (D:2)
  A giant cockroach (D:1)
  7 hobgoblins
  2 jackals
  A quokka (D:2)
  2 ball pythons (D:2)
  3 bats
  4 frilled lizards
  5 goblins
  7 kobolds
  6 rats
49 creatures vanquished.

Notes
Turn   | Place    | Note
-------+----------+-------------------------------------------
     0 | D:1      | tmwrnj the Hill Orc Fighter began the quest for the Orb.
     0 | D:1      | Reached XP level 1. HP: 19/19 MP: 1/1
   228 | D:1      | Reached XP level 2. HP: 25/27 MP: 2/2
   500 | D:2      | Reached XP level 3. HP: 33/33 MP: 3/3
  1010 | D:3      | Noticed an ogre
  1219 | D:3      | Reached XP level 4. HP: 35/40 MP: 4/4
  1393 | D:4      | Got a pair of warped gloves
  1668 | D:4      | HP: 2/40 [poisoned by a scorpion]
  1671 | D:4      | Succumbed to a scorpion's poison

Skill      XL: |  1  2  3  4 |
---------------+-------------+-----
Axes           | 3 4 |  4.1
Shields        | 4 |  4.1
Fighting       | 4 |  4.0
Armour         | |  3.8
Dodging        | |  0.7

Action                   |  1- 3 |  4- 6 || total
-------------------------+-------+-------++-------
Melee: War axe           |   106 |    27 ||   133
  Use: Potion            |       |     2 ||     2
       Scroll            |       |     1 ||     1
  Eat: Chunk             |     1 |     2 ||     3
Armor: Scale mail        |    51 |    16 ||    67
Dodge: Dodged            |    35 |    19 ||    54
Block: Shield            |    58 |    17 ||    75
